[Event "76th Montenegro Championship 2024"]
[Site "Podgorica"]
[Date "2024.02.12"]
[Round "8.9"]
[White "Kalezic, Blazo"]
[Black "Zherebtsova, Alexandra"]
[Result "1-0"]
[ECO "C55"]
[WhiteElo "2407"]
[BlackElo "2270"]
[Annotator "TA"]
[PlyCount "101"]
[EventDate "2024.02.06"]
[EventType "swiss"]
[EventCountry "MNE"]
[SourceTitle "playchess.com"]
[Source "ChessBase"]
[SourceQuality "1"]
[TimeControl "40/5400+30:1800+30"]

1. e4 e5 2. Bc4 Nf6 3. d3 Nc6 4. Nf3 Be7 5. Nbd2 O-O 6. O-O d6 7. c3 Na5 8. Bb5 c5 9. Ba4 Nc6 10. Re1 {[%emt 0:00:40] The position is equal.} Rb8 11. h3 Re8 12. Nf1 h6 13. Ng3 Bf8 14. d4 b5 15. Bb3 Bb7 16. d5 Ne7 17. a4 a6 18. axb5 axb5 19. c4 Nd7 (19... Bc8 $14) 20. cxb5 $16 {[%emt 0:00:49] White has more active pieces.} Nb6 21. Be3 Qd7 22. Qe2 g6 (22... Bc8 $16 23. Ra5 Bb7) 23. Ra5 Bg7 24. Nd2 f5 {[%emt 0:03:30] [#]} 25. Bxc5 dxc5 $11 26. d6+ Ned5 $1 27. exd5 Qxd6 28. Nc4 Nxc4 (28... Qxd5 29. Ne4 Kh7 (29... fxe4 30. Ra3 $18) 30. Nxb6 $14) 29. Bxc4 e4 30. Qd2 Kh7 31. Ne2 Be5 32. Ra3 f4 33. f3 e3 34. Qc2 Red8 35. Rd1 Qf6 36. Ra4 Ra8 37. b3 ({White should play} 37. Rxa8 $14 Rxa8 38. d6) 37... Rac8 {[%emt 0:00:45] [#]} (37... h5 $11 {keeps the balance.}) 38. Bd3 $1 $16 Kg7 39. Be4 Rd7 40. Rc4 Qb6 $2 {[%emt 0:00:00][%mdl 8192] Black cannot hold the game after this.} (40... Rcc7 $16 {is tougher.} 41. Rxc5 Rxc5 42. Qxc5 h5) 41. b4 $18 Qxb5 42. Rxc5 (42. Bxg6 Rxd5 (42... cxb4 $2 43. Rxc8 Bxc8 44. Be8 $18) 43. Bd3 (43. Nxf4 $2 Qxc4 44. Nxd5 e2 $19) 43... Rcd8 $11) (42. bxc5 Ba6 43. Bd3 (43. c6 Rdd8 $17) 43... Rxd5 $18) 42... Qa6 43. Rxc8 Bxc8 {[%emt 0:00:02] [#]} 44. b5 $1 Qb7 45. d6 (45. Bxg6 Rxd5 46. Rxd5 Qxd5 47. Qxc8 Kxg6 $16) 45... Qb8 46. Rd5 (46. Bxg6 Rxd6 47. Rxd6 Qxd6 $18) 46... Bxd6 (46... Bf6 $142 47. Rc5 (47. Nxf4 Bb7 $18) 47... Qxd6 48. Rxc8 Qd1+ 49. Kh2 Qxc2 50. Rxc2 Rd2 51. Rxd2 (51. Nxf4 Be5 $16) 51... exd2) 47. Qc3+ ({Not} 47. Bxg6 Qc7 $18) 47... Kf7 48. Qh8 {[%emt 0:01:37][%cal Oe2d4] And now Nd4! would win.} Bf8 49. Qh7+ Ke8 50. Qxg6+ Ke7 51. Nd4 {[%emt 0:01:01] Weighted Error Value: White=0.11 (very precise) /Black=0.37.  Loses game:     	---       	Black=1      Mistake:       	White=2     	Black=4      Inaccurate:     	White=1     	Black=7      OK:         	White=15    	Black=14     Best:        	White=5     	---        Strong:       	White=1     	Black=1} 1-0

[Event "76th Montenegro Championship 2024"]
[Site "Podgorica"]
[Date "2024.02.12"]
[Round "8.10"]
[White "Tomic, Aleksandar"]
[Black "Ivanovic, Bozidar"]
[Result "1/2-1/2"]
[ECO "D35"]
[WhiteElo "2398"]
[BlackElo "2403"]
[Annotator "TA"]
[PlyCount "41"]
[EventDate "2024.02.06"]
[EventType "swiss"]
[EventCountry "MNE"]
[SourceTitle "playchess.com"]
[Source "ChessBase"]
[SourceQuality "1"]
[TimeControl "40/5400+30:1800+30"]

1. d4 d5 2. c4 e6 3. Nc3 Be7 4. cxd5 exd5 5. Bf4 Nf6 6. e3 c6 7. Bd3 Nbd7 8. h3 O-O 9. Nf3 Re8 10. O-O Nf8 11. Qc2 Ng6 12. Bh2 Bd6 13. Bxd6 Qxd6 14. Rab1 Qe7 15. b4 Ne4 16. b5 Nxc3 17. Qxc3 cxb5 18. Bxb5 Rd8 19. Bd3 {[%emt 0:10:11] Wards off Bf5. White is more active. White is slightly better.} Be6 20. Rfc1 Rdc8 {[%emt 0:00:44] Prevents Qc5} 21. Qb2 {[%emt 0:00:41] Weighted Error Value: White=0.00 (flawless) /Black=0.08 (flawless) .  Inaccurate:     	---       	Black=1      OK:         	White=2     	Black=3      Best:        	White=1     	---} 1/2-1/2

[Event "76th Montenegro Championship 2024"]
[Site "Podgorica"]
[Date "2024.02.12"]
[Round "8.11"]
[White "Pobor, Milo"]
[Black "Sukovic, Andrej"]
[Result "1/2-1/2"]
[ECO "C18"]
[WhiteElo "2201"]
[BlackElo "2339"]
[Annotator "RC"]
[PlyCount "121"]
[EventDate "2024.02.06"]
[EventType "swiss"]
[EventCountry "MNE"]
[SourceTitle "playchess.com"]
[Source "ChessBase"]
[SourceQuality "1"]
[TimeControl "40/5400+30:1800+30"]

1. e4 e6 2. d4 d5 3. Nc3 Bb4 4. e5 c5 5. a3 Ba5 6. b4 cxd4 7. Nb5 Bc7 8. f4 Bd7 9. Nxc7+ Qxc7 10. Bb2 Ne7 11. Bd3 Ba4 12. Nf3 Nbc6 13. O-O Qb6 14. Kh1 Bb5 15. Bxd4 Nxd4 16. Nxd4 Bc4 17. c3 O-O 18. Rf3 Bxd3 19. Qxd3 Rac8 20. Rh3 h6 21. Rf1 Rc4 22. Rff3 Rfc8 23. Qd1 Nf5 24. Nxf5 exf5 25. Qxd5 Rd4 26. Qb3 Qe6 27. Qc2 Qa2 28. Qc1 Qe2 29. Rf1 Rd2 30. Rg1 Rc2 31. Qd1 Qxd1 32. Rxd1 R8xc3 33. Rxc3 Rxc3 34. g3 g5 35. Rd7 Rxa3 36. Rxb7 gxf4 37. gxf4 Rf3 38. Rxa7 Rxf4 39. Ra6 Rxb4 40. Rxh6 Re4 41. Kg2 Kg7 42. Ra6 Rxe5 43. Kf3 Re4 44. Rb6 Rh4 45. Kg3 Rg4+ 46. Kf3 Rg6 47. Rb4 Kf6 48. h4 Rg1 49. Rb6+ Kg7 50. h5 Rh1 51. Kf4 Rxh5 52. Ra6 f6 53. Ra8 Rg5 54. Rb8 Kf7 55. Ra8 Rg1 56. Kxf5 Rf1+ 57. Kg4 f5+ 58. Kg5 Ke6 59. Ra6+ Ke5 60. Ra5+ Kd4 61. Rxf5 1/2-1/2

[Event "76th Montenegro Championship 2024"]
[Site "Podgorica"]
[Date "2024.02.12"]
[Round "8.12"]
[White "Vujosevic, Vladimir"]
[Black "Abramovic, Dragoljub"]
[Result "1/2-1/2"]
[ECO "C62"]
[WhiteElo "2335"]
[BlackElo "2018"]
[Annotator "ChessBase"]
[PlyCount "251"]
[EventDate "2024.02.06"]
[EventType "swiss"]
[EventCountry "MNE"]
[SourceTitle "playchess.com"]
[Source "ChessBase"]
[SourceQuality "1"]
[TimeControl "40/5400+30:1800+30"]

1. e4 Nc6 2. Nf3 d6 3. d4 e5 4. Bb5 exd4 5. Nxd4 Bd7 6. Bxc6 bxc6 7. Nc3 g6 8. Be3 Bg7 9. Qd2 Qb8 10. b3 Nf6 11. Bh6 O-O 12. Bxg7 Kxg7 13. O-O c5 14. Nde2 Bc6 15. f3 Qe8 16. Rad1 a5 17. Ng3 Ng8 18. Rfe1 f6 19. Nf1 Qf7 20. Ne3 a4 21. Ncd5 axb3 22. axb3 Ra7 23. Qc3 Ne7 24. f4 Nxd5 25. Nxd5 Raa8 26. Qd3 Rae8 27. Nc3 Re7 28. Re2 Rfe8 29. Rde1 Qe6 30. h3 Qd7 31. Kh1 Qe6 32. Ra1 Qc8 33. Kg1 Qb7 34. Rae1 Qb4 35. Kf1 f5 36. Na2 Qa5 37. Nc3 Qb4 38. Na2 Qa5 39. Nc3 fxe4 40. Nxe4 Bxe4 41. Rxe4 Qxe1+ 42. Rxe1 Rxe1+ 43. Kf2 R1e4 44. Kf3 Rd4 45. Qc3 Rf8 46. g3 g5 47. b4 gxf4 48. bxc5 fxg3+ 49. Kxg3 dxc5 50. Qxc5 Rd7 51. Qc6 Re7 52. Qc5 Rff7 53. Qc3+ Rf6 54. Qd4 c6 55. Qc3 Rd7 56. Qe5 Rd5 57. Qc3 Rg5+ 58. Kh2 Rd5 59. Kg3 Kf7 60. Qe3 h6 61. Qe4 Rg5+ 62. Kh2 Rgg6 63. Qd4 Rd6 64. Qe5 Rge6 65. Qf5+ Ke7 66. Qc5 Kd8 67. Qa5+ Kd7 68. Qa7+ Ke8 69. Qc5 Rd5 70. Qc4 Kd7 71. Kg3 h5 72. Kf3 Rf5+ 73. Kg3 Ree5 74. Qd4+ Rd5 75. Qb4 Kc7 76. Qe7+ Kb6 77. Qb4+ Rb5 78. Qd4+ Kc7 79. Qa7+ Rb7 80. Qd4 Rd5 81. Qe3 Kd6 82. Qa3+ Kd7 83. Qf8 Kc7 84. Qf4+ Kb6 85. Qe3+ Ka6 86. Qa3+ Ra5 87. Qc3 Rb6 88. Qd3+ Rbb5 89. Qc4 Kb6 90. Qd4+ Rc5 91. Qd8+ Kb5 92. Qb8+ Kc4 93. Qb3+ Kd4 94. Qd3+ Ke5 95. Qe3+ Kd6 96. Qf4+ Re5 97. Qd4+ Rad5 98. Qb4+ Ke6 99. Qc4 c5 100. Qa6+ Kf5 101. Qc4 Kg6 102. Qa6+ Kg5 103. Qc4 Rf5 104. Qe4 Rde5 105. Qh4+ Kg6 106. Qc4 Re3+ 107. Kg2 Re7 108. Kg3 Rfe5 109. Qd3+ Kf6 110. Qc3 Kf7 111. Qf3+ Kg7 112. Qc3 Kf8 113. Qf3+ Kg8 114. Qb3+ Kh8 115. Qc3 Kh7 116. Qd3+ Kh6 117. Qd2+ Re3+ 118. Kf4 R7e4+ 119. Kf5 Re5+ 120. Kf6 Re6+ 121. Kf5 Kh7 122. Qd1 R3e5+ 123. Kf4 Kh6 124. Qd8 Re4+ 125. Kf5 R4e5+ 126. Kf4 1/2-1/2

[Event "76th Montenegro Championship 2024"]
[Site "Podgorica"]
[Date "2024.02.12"]
[Round "8.13"]
[White "Kandic, Milojko"]
[Black "Djurovic, Peko"]
[Result "0-1"]
[ECO "B26"]
[WhiteElo "2046"]
[BlackElo "2332"]
[Annotator "TA"]
[PlyCount "68"]
[EventDate "2024.02.06"]
[EventType "swiss"]
[EventCountry "MNE"]
[SourceTitle "playchess.com"]
[Source "ChessBase"]
[SourceQuality "1"]
[TimeControl "40/5400+30:1800+30"]

1. e4 c5 2. Nc3 Nc6 3. g3 g6 4. Bg2 Bg7 5. d3 Nf6 6. Nge2 d6 7. O-O O-O 8. h3 Rb8 9. Be3 b5 10. Qd2 b4 11. Nd1 Ne8 12. Bh6 Bd7 13. Bxg7 (13. a3 {seems wilder.} Bxh6 14. Qxh6 bxa3 15. Rxa3 Nd4 16. Nxd4 cxd4 17. c3) 13... Nxg7 {[%emt 0:00:05] White is slightly better.} 14. f4 Nd4 15. Nxd4 cxd4 {[%emt 0:00:02] [#]} 16. f5 gxf5 $17 17. Qh6 ({White should try} 17. a3 $15) 17... f6 18. Rf4 Qe8 19. exf5 $2 {[%emt 0:03:22] This move loses the game for White.} (19. a3 $17) 19... Nxf5 $19 20. Rg4+ Kh8 21. Qd2 e5 22. Be4 Qh5 {[%emt 0:00:00][%cal Of5g3] ...Nxg3! would now be deadly.} 23. Nf2 d5 24. Bxd5 (24. Bxf5 $142 Bxf5 25. Kg2 Bxg4 26. Nxg4) 24... Ne3 {[%emt 0:00:00] Black is clearly winning.} 25. Qe2 Bxg4 26. hxg4 Qg5 27. Bb3 {[%emt 0:02:00] [#]} h5 $1 28. a3 (28. Qf3 hxg4) 28... hxg4 29. axb4 Rb7 {[%emt 0:00:00][%cal Ob7h7] White must now prevent ...Rh7!} 30. Ne4 Qg6 {[%emt 0:00:00][%cal Ob7h7] ...Rh7! is the strong threat.} 31. Kf2 Rh7 {[%emt 0:00:00] Threatens to win with ...Rh2+.} 32. Rg1 Rh2+ 33. Ke1 Rxe2+ 34. Kxe2 Qf5 {[%emt 0:00:00] Weighted Error Value: White=1.32/Black=0.21 (precise) .  Loses game:     	White=1     	---        Mistake:       	White=3     	---        Inaccurate:     	White=1     	Black=1      OK:         	White=3     	Black=3      Best:        	---       	Black=3} 0-1

[Event "76th Montenegro Championship 2024"]
[Site "Podgorica"]
[Date "2024.02.12"]
[Round "8.14"]
[White "Koljevic, Nikolina"]
[Black "Nikac, Predrag"]
[Result "1-0"]
[ECO "B48"]
[WhiteElo "1974"]
[BlackElo "2304"]
[Annotator "RC"]
[PlyCount "51"]
[EventDate "2024.02.06"]
[EventType "swiss"]
[EventCountry "MNE"]
[SourceTitle "playchess.com"]
[Source "ChessBase"]
[SourceQuality "1"]
[TimeControl "40/5400+30:1800+30"]

1. e4 c5 2. Nf3 a6 3. d4 cxd4 4. Nxd4 Nc6 5. Nc3 e6 6. Be3 Qc7 7. Qf3 Nxd4 8. Bxd4 Ne7 9. Qg3 Qxg3 10. hxg3 Nc6 11. Bb6 Bb4 12. O-O-O f6 13. Na4 Ba5 14. Bxa5 Nxa5 15. Nb6 Rb8 16. c4 Ke7 17. c5 Nc6 18. f4 Nd8 19. e5 fxe5 20. fxe5 h6 21. Bd3 Rf8 22. Rhf1 Nf7 23. Rde1 Ng5 24. Rxf8 Kxf8 25. Rf1+ Ke7 26. Bg6 1-0

[Event "76th Montenegro Championship 2024"]
[Site "Podgorica"]
[Date "2024.02.12"]
[Round "8.15"]
[White "Miletic, Vuk"]
[Black "Popovic, Mateja"]
[Result "1-0"]
[ECO "B23"]
[WhiteElo "2213"]
[BlackElo "1880"]
[Annotator "RC"]
[PlyCount "23"]
[EventDate "2024.02.06"]
[EventType "swiss"]
[EventCountry "MNE"]
[SourceTitle "playchess.com"]
[Source "ChessBase"]
[SourceQuality "1"]
[TimeControl "40/5400+30:1800+30"]

1. e4 c5 2. Nc3 d6 3. d4 cxd4 4. Qxd4 Nc6 5. Qd2 Nf6 6. b3 g6 7. Bb2 Bg7 8. O-O-O a6 9. f3 b5 10. Nd5 Nh5 11. Bxg7 Nxg7 12. Qc3 1-0

[Event "76th Montenegro Championship 2024"]
[Site "Podgorica"]
[Date "2024.02.12"]
[Round "8.16"]
[White "Petrovic, Slavko"]
[Black "Vujovic, Savo"]
[Result "0-1"]
[ECO "B34"]
[WhiteElo "1836"]
[BlackElo "2137"]
[Annotator "NA RC"]
[PlyCount "22"]
[EventDate "2024.02.06"]
[EventType "swiss"]
[EventCountry "MNE"]
[SourceTitle "playchess.com"]
[Source "ChessBase"]
[SourceQuality "1"]
[TimeControl "40/5400+30:1800+30"]

1. e4 c5 2. Nf3 Nc6 3. d4 cxd4 4. Nxd4 g6 5. Be3 Bg7 6. c3 Nf6 7. Nd2 O-O 8. Be2 d5 9. exd5 Nxd5 10. Nxc6 bxc6 11. Bc5 Nf4 0-1

[Event "76th Montenegro Championship 2024"]
[Site "Podgorica"]
[Date "2024.02.12"]
[Round "8.17"]
[White "Scekic, Veljko"]
[Black "Vukovic, Krsto"]
[Result "1-0"]
[ECO "C78"]
[WhiteElo "2206"]
[BlackElo "1904"]
[Annotator "TA"]
[PlyCount "41"]
[EventDate "2024.02.06"]
[EventType "swiss"]
[EventCountry "MNE"]
[SourceTitle "playchess.com"]
[Source "ChessBase"]
[SourceQuality "1"]
[TimeControl "40/5400+30:1800+30"]

1. e4 e5 2. Nf3 Nc6 3. Bb5 a6 4. Ba4 Nf6 5. O-O b5 6. Bb3 Bc5 7. c3 d6 8. d4 exd4 9. cxd4 Bb6 10. h3 O-O 11. Nc3 Na5 (11... h6 $14) 12. Bc2 $16 c5 13. Bg5 {[%emt 0:00:44] [#] And now Qc1 would win. White is better.} h6 14. Bh4 g5 $2 (14... Bb7 $16 {is tougher.}) 15. Bg3 $2 (15. Nxg5 $18 Nh7 16. Nxh7 Qxh4 17. Nxf8 Kxf8 18. dxc5 Bxc5 19. b4 Bxb4 20. Qd4 Bxc3 21. Qxc3) 15... g4 (15... Nc4 $14) 16. dxc5 Bxc5 17. hxg4 Bxg4 18. Bh4 Be6 19. e5 dxe5 20. Qxd8 ({Less strong is} 20. Nxe5 Qxd1 21. Raxd1 (21. Rfxd1 Be7 $16) 21... Be7 $16) 20... Rfxd8 21. Bxf6 {[%emt 1:21:11] Weighted Error Value: White=0.77/Black=1.31.  Loses game:     	---       	Black=2      Missed win:     	White=1     	---        Mistake:       	---       	Black=1      Inaccurate:     	White=1     	---        OK:         	White=3     	Black=2      Best:        	White=3     	---} 1-0

[Event "76th Montenegro Championship 2024"]
[Site "Podgorica"]
[Date "2024.02.13"]
[Round "9.1"]
[White "Djukic, Nikola"]
[Black "Nenezic, Danilo"]
[Result "1-0"]
[ECO "B42"]
[WhiteElo "2529"]
[BlackElo "2086"]
[Annotator "TA"]
[PlyCount "63"]
[EventDate "2024.02.06"]
[EventType "swiss"]
[EventCountry "MNE"]
[SourceTitle "playchess.com"]
[Source "ChessBase"]
[SourceQuality "1"]
[TimeControl "40/5400+30:1800+30"]

1. e4 c5 2. Nf3 e6 3. d4 cxd4 4. Nxd4 a6 5. Bd3 Qc7 6. Qe2 Bc5 7. Nb3 Ba7 8. Be3 Bxe3 {[%emt 0:02:22] White is slightly better.} 9. Qxe3 Nc6 10. Nc3 d6 11. O-O-O Nf6 {[%emt 0:02:13] [#]} 12. g4 $1 Bd7 (12... Nxg4 $2 {perishes.} 13. Qg3 $18) (12... b5 13. g5) 13. g5 Ng8 14. Qg3 O-O-O 15. Be2 Be8 16. Rd2 {[%emt 0:00:41] White is much more active.} Nge7 17. Rhd1 Ne5 18. f4 N5c6 19. Bg4 Kb8 $1 20. f5 $36 {[%emt 0:00:55][%mdl 2048] White fights for an advantage.} exf5 21. exf5 {[%emt 0:00:18][%cal Of5f6] Black must now prevent f6!} Ne5 {[%emt 0:01:11] Loses the game.} (21... h5 $16 {was called for.} 22. Bh3 (22. Rxd6 $2 {loses.} Rxd6 23. Rxd6 hxg4 $19) 22... h4) 22. f6 $18 gxf6 23. gxf6 N7g6 24. Nd5 Qc6 {[%emt 0:03:20] [#]} 25. Bf5 $1 Nc4 {[%emt 0:05:02] [#]} 26. Rd4 {[%emt 0:00:47] Bd3 is the strong threat.} Nge5 27. Be4 a5 $2 (27... Qc8 {keeps fighting.} 28. Kb1 Bb5) 28. Qc3 a4 (28... Qb5 29. a4 Qa6) 29. Na5 {[%emt 0:02:26] White is clearly winning.} Qa6 30. Nxc4 {[%emt 0:00:48] Hoping for Nb4.} Rc8 31. Ndb6 Bb5 32. Nxc8 {[%emt 0:00:40] Weighted Error Value: White=0.07 (flawless) /Black=0.24 (precise) .  Mistake:       	---       	Black=3      Inaccurate:     	White=1     	Black=2      OK:         	White=8     	Black=10     Best:        	White=3     	---        Strong:       	---       	Black=1} 1-0

[Event "76th Montenegro Championship 2024"]
[Site "Podgorica"]
[Date "2024.02.13"]
[Round "9.2"]
[White "Draskovic, Luka"]
[Black "Smirnov, Artem"]
[Result "1/2-1/2"]
[ECO "A28"]
[WhiteElo "2481"]
[BlackElo "2406"]
[Annotator "TA"]
[PlyCount "35"]
[EventDate "2024.02.06"]
[EventType "swiss"]
[EventCountry "MNE"]
[SourceTitle "playchess.com"]
[Source "ChessBase"]
[SourceQuality "1"]
[TimeControl "40/5400+30:1800+30"]

1. c4 e5 2. Nc3 Nf6 3. Nf3 Nc6 4. e4 Bc5 5. Nxe5 Nxe5 6. d4 Bb4 7. dxe5 Nxe4 {[%emt 0:00:05] The position is equal.} 8. Qf3 Nxc3 9. bxc3 Ba5 10. Be2 d6 11. Ba3 O-O {[%emt 0:05:06][%cal Oc8g4] [#] Threatens to win with ...Bg4!} 12. O-O Bd7 13. exd6 Bc6 14. Qg3 {[%emt 0:01:06][%cal Od6d7] d7! is the strong threat.} cxd6 15. Rad1 Re8 16. Bf3 Bxf3 17. Qxf3 Qc7 18. Bxd6 {[%emt 0:01:01] Not much happened in this game.   Weighted Error Value: White=0.00 (flawless) /Black=0.00 (flawless) .  OK:         	White=6     	Black=9} 1/2-1/2

[Event "76th Montenegro Championship 2024"]
[Site "Podgorica"]
[Date "2024.02.13"]
[Round "9.3"]
[White "Podlesnik, Bogdan"]
[Black "Petrov, Nikita"]
[Result "0-1"]
[ECO "B71"]
[WhiteElo "2284"]
[BlackElo "2563"]
[Annotator "TA"]
[PlyCount "72"]
[EventDate "2024.02.06"]
[EventType "swiss"]
[EventCountry "MNE"]
[SourceTitle "playchess.com"]
[Source "ChessBase"]
[SourceQuality "1"]
[TimeControl "40/5400+30:1800+30"]

1. e4 c5 2. Nf3 Nc6 3. d4 cxd4 4. Nxd4 Nf6 5. Nc3 d6 6. f4 g6 7. Be2 Nxd4 8. Qxd4 Bg7 9. Be3 O-O {[%emt 0:02:33] The position is equal.} 10. Qd2 {[%emt 0:01:37] [#]} b5 $1 11. a3 Bb7 12. Bf3 Qc8 13. O-O a5 14. Rfe1 b4 15. axb4 axb4 16. Rxa8 (16. Na4 $1 $11 Nd7 (16... Nxe4 17. Qxb4 Qc6 18. c3 $14) (16... Bxe4 17. Nb6 $14) 17. Qxb4) 16... Bxa8 $17 17. Nd5 Nxd5 18. exd5 Bxb2 {[%emt 0:00:11] ...Bc3 would now be deadly.} 19. Bd4 Bxd4+ 20. Qxd4 Qxc2 21. Qxb4 Qc7 22. h4 Qa7+ 23. Kh2 Qf2 24. f5 $1 Qa7 (24... gxf5 25. Rxe7 h6 26. Rc7 $16 (26. Qxd6 Qxh4+ 27. Kg1 Rc8 $11)) (24... e6 $11) 25. Qf4 (25. Qd2 $14) 25... e5 $36 {[%emt 0:16:03][%mdl 2048] White is under pressure.} 26. dxe6 {[%emt 0:04:45] White threatens e7 and mate.} Bxf3 27. e7 (27. Qxf3 $11 fxe6 28. Rxe6 Rxf5 29. Qg3) 27... Re8 $15 {[%emt 0:00:25][%cal Of3g2] ...Bxg2! is the strong threat.} 28. f6 (28. Qxf3 $15 Rxe7 29. Rd1) 28... Qf2 $1 $19 29. Rg1 {[%emt 0:01:08] [#]} (29. Qg3 $17 Qd4 (29... Qxg3+ 30. Kxg3 Bc6 31. Rb1 $11) 30. gxf3) 29... h5 $1 30. Qg3 {[%emt 0:05:29] [#]} Qd4 {[%emt 0:02:00][%cal Of3g2] White must now prevent ...Bxg2!} (30... Qxg3+ 31. Kxg3 Ba8 32. Rd1 $11) 31. Qg5 Bg4 $2 (31... Qb2 $19 {Strongly threatening ...Kh7.} 32. Rb1 Qf2 (32... Qxb1 33. Qh6)) 32. Qb5 $2 {[%emt 0:01:46][%mdl 8192] [#]} (32. Rf1 $11 Kh7 (32... Qe5+ 33. Qxe5 dxe5 34. Re1 $11) 33. Qb5) 32... Bd7 $1 (32... Qe5+ 33. Qxe5 dxe5 34. Re1 $14) 33. Qg5 (33. Qxd7 Qxh4+ 34. Qh3 Qxf6 35. Rd1) 33... Kh7 ({Stronger than} 33... Qe5+ 34. Qxe5 dxe5 35. Re1 $16) 34. Rf1 Bc6 35. Rf4 Qb2 36. Qa5 Qxg2# {[%emt 0:04:02] Weighted Error Value: White=0.71/Black=0.25 (precise) .  Loses game:     	White=1     	---        Missed win:     	---       	Black=1      Mistake:       	White=6     	Black=1      Inaccurate:     	White=1     	Black=3      OK:         	White=10    	Black=11     Best:        	White=2     	Black=4      Strong:       	White=1     	Black=2} 0-1

[Event "76th Montenegro Championship 2024"]
[Site "Podgorica"]
[Date "2024.02.13"]
[Round "9.4"]
[White "Kadric, Denis"]
[Black "Milovic, Jovan"]
[Result "1-0"]
[ECO "B01"]
[WhiteElo "2584"]
[BlackElo "2223"]
[Annotator "TA"]
[PlyCount "43"]
[EventDate "2024.02.06"]
[EventType "swiss"]
[EventCountry "MNE"]
[SourceTitle "playchess.com"]
[Source "ChessBase"]
[SourceQuality "1"]
[TimeControl "40/5400+30:1800+30"]

1. e4 d5 2. exd5 Nf6 3. Nf3 Bg4 4. Bb5+ Nbd7 5. Nc3 a6 6. Be2 Nb6 7. h3 Bh5 8. d4 {[%emt 0:00:21] White is slightly better.} Nfxd5 9. Nxd5 Qxd5 10. b3 O-O-O 11. c4 Qe4 12. Be3 e5 13. d5 (13. Nxe5 $16 Qxg2 14. Bxh5 Qxh1+ 15. Ke2 Qxd1+ 16. Rxd1) 13... Bb4+ $11 14. Kf1 Bxf3 (14... Nd7 $14) 15. Bxf3 $16 Qg6 16. Bh5 $36 {[%emt 0:02:35][%cal Bf3h5,Bh5f7,Bf7e6][%mdl 2080] White is on the roll.} Qd6 17. Bxf7 Rhf8 18. Be6+ Kb8 19. Qc2 Bc5 20. Ke2 (20. Qe4 $16) 20... Bd4 $2 {[%emt 0:03:55][%mdl 8192] [#]} ({Black should try} 20... Nd7 $14) 21. c5 $1 $18 Bxe3 22. fxe3 {[%emt 0:00:28] Weighted Error Value: White=0.11 (very precise) /Black=0.50.  Loses game:     	---       	Black=1      Mistake:       	White=2     	Black=1      Inaccurate:     	---       	Black=1      OK:         	White=4     	Black=9      Best:        	White=2     	---        Strong:       	White=1     	---} (22. cxd6 Rxf2+ 23. Kd1 (23. Kxe3 Rxc2 24. Rhc1 Rxc1 $11) 23... Rxc2 24. Kxc2 Rxd6 $18) 1-0

[Event "76th Montenegro Championship 2024"]
[Site "Podgorica"]
[Date "2024.02.13"]
[Round "9.5"]
[White "Nikcevic, Nebojsa"]
[Black "Skvortsova, Alena"]
[Result "1/2-1/2"]
[ECO "D45"]
[WhiteElo "2338"]
[BlackElo "2111"]
[Annotator "RC"]
[PlyCount "58"]
[EventDate "2024.02.06"]
[EventType "swiss"]
[EventCountry "MNE"]
[SourceTitle "playchess.com"]
[Source "ChessBase"]
[SourceQuality "1"]
[TimeControl "40/5400+30:1800+30"]

1. d4 d5 2. Nf3 Nf6 3. c4 c6 4. Nc3 e6 5. e3 Nbd7 6. Qc2 Bd6 7. g4 h6 8. Bd2 dxc4 9. Bxc4 a6 10. e4 b5 11. Be2 e5 12. O-O-O Qc7 13. h3 exd4 14. Nxd4 Nc5 15. Bf3 Be5 16. Nce2 Nfd7 17. Bg2 g5 18. h4 f6 19. Kb1 Na4 20. Qxc6 Qxc6 21. Nxc6 Bxb2 22. e5 Bb7 23. hxg5 Nxe5 24. Rhe1 Bxc6 25. Bxc6+ Nxc6 26. Nc3+ Kf7 27. Nxa4 bxa4 28. Kxb2 hxg5 29. Bc3 Rad8 1/2-1/2

[Event "76th Montenegro Championship 2024"]
[Site "Podgorica"]
[Date "2024.02.13"]
[Round "9.6"]
[White "Skvortsov, Andrei"]
[Black "Kalezic, Blazo"]
[Result "0-1"]
[ECO "A25"]
[WhiteElo "2307"]
[BlackElo "2407"]
[Annotator "RC"]
[PlyCount "135"]
[EventDate "2024.02.06"]
[EventType "swiss"]
[EventCountry "MNE"]
[SourceTitle "playchess.com"]
[Source "ChessBase"]
[SourceQuality "1"]
[TimeControl "40/5400+30:1800+30"]

1. c4 e5 2. g3 Nc6 3. Nc3 f5 4. Bg2 Nf6 5. e3 e4 6. d3 Bb4 7. Nge2 exd3 8. Qxd3 d6 9. a3 Bxc3+ 10. Qxc3 O-O 11. b3 Ne4 12. Qc2 Qf6 13. Bb2 Ne5 14. Nf4 Rf7 15. O-O-O Bd7 16. Nd5 Qd8 17. f3 Nc5 18. f4 Ng6 19. Nc3 Bc6 20. b4 Nd7 21. e4 Nb6 22. exf5 Ne7 23. Ne4 Ba4 24. Qd3 Bxd1 25. Rxd1 Rxf5 26. Ng5 Rxg5 27. fxg5 Nc6 28. h4 Qe7 29. Qb3 Kh8 30. Kb1 Rf8 31. Qc2 Ne5 32. Re1 Qe6 33. c5 Nbc4 34. Bc1 b5 35. Rf1 Rxf1 36. Bxf1 Qg4 37. cxd6 cxd6 38. Qf2 Qe4+ 39. Ka1 Kg8 40. Qe2 Qd4+ 41. Kb1 Qc3 42. Qd1 Kf8 43. g4 Ke7 44. Ka2 g6 45. h5 a6 46. Be2 d5 47. Qf1 Kd7 48. Qd1 d4 49. Bxc4 Qxc4+ 50. Ka1 Qd3 51. Qg1 Ke6 52. hxg6 hxg6 53. Qf2 Kd5 54. Bb2 Kc4 55. Ka2 Nf3 56. Bc1 Kd5 57. Qg2 Qe4 58. Qf2 Qxg4 59. Qc2 Ne5 60. Qc5+ Ke4 61. Bb2 Qd1 62. Qb6 Qd3 63. Qb7+ Ke3 64. Qxa6 Qc4+ 65. Ka1 d3 66. Qb6+ Ke2 67. Qg1 Nf3 68. Qg2+ 0-1